 Dungeon Crawl Stone Soup version 0.30.0-3-ga4e48a9924 (webtiles) character file.

Game seed: 17403477998111278765

972 solopath the Destroyer (level 7, -3/38 HPs)
             Began as a Deep Elf Conjurer on May 7, 2023.
             Was an Initiate of Sif Muna.
             Slain by Duvessa
             ... wielding a +0 short sword
              (6 damage)
             ... on level 5 of the Dungeon.
             The game lasted 00:19:56 (5731 turns).

solopath the Destroyer (Deep Elf Conjurer)          Turns: 5731, Time: 00:19:57

Health: -3/38      AC:  6    Str:  4    XL:     7   Next: 94%
Magic:  6/17       EV: 12    Int: 28    God:    Sif Muna [......]
Gold:   26         SH:  0    Dex:  8    Spells: 8/17 levels left

rFire   . . .        a - +5 trident of Zoeb Sija {venom, rElec Int+3 Dex-5 Stlth+}
rCold   . . .        (no shield)
rNeg    . . .        l - +2 animal skin
rPois   +            m - +0 helmet
rElec   +            (no cloak)
rCorr   .            y - +0 pair of gloves {hurl}
SInv    .            (no boots)
Will    .....        (no amulet)
Stlth   +++          n - ring of poison resistance
HPRegen 0.26/turn    (no ring)
MPRegen 0.15/turn

%: no passive effects
@: on blink cooldown
A: no striking features
a: Renounce Religion


You were on level 5 of the Dungeon.
You worshipped Sif Muna.
Sif Muna was noncommittal.
You visited 2 branches of the dungeon, and saw 6 of its levels.

You collected 191 gold pieces.
You spent 165 gold pieces at shops.

Inventory:

Hand Weapons
 a - the +5 trident of Zoeb Sija (weapon) {venom, rElec Int+3 Dex-5 Stlth+}
   (You found it on level 2 of the Dungeon)

   Int:       It affects your intelligence (+3).
   Dex:       It affects your dexterity (-5).
   rElec:     It insulates you from electricity.
   Stlth:     It makes you more stealthy.
 c - a +0 short sword
Armour
 l - a +2 animal skin (worn)
 m - a +0 helmet (worn)
 y - a +0 pair of gloves of hurling (worn)
Jewellery
 n - a ring of poison resistance (left hand)
Wands
 k - a wand of quicksilver (9)
Scrolls
 e - 3 scrolls of vulnerability {unknown}
 h - a scroll of fear
 o - a scroll of butterflies {unknown}
 p - 2 scrolls of silence
 r - a scroll of enchant weapon {unknown}
 u - 4 scrolls of identify
 v - a scroll of amnesia {unknown}
Potions
 d - 5 potions of curing {unknown}
 g - a potion of brilliance
 i - a potion of might {unknown}
 j - 2 potions of heal wounds {unknown}
 q - 3 potions of berserk rage {unknown}
 s - 2 potions of attraction {unknown}
 t - a potion of degeneration {unknown}
 w - a potion of ambrosia {unknown}
 x - 2 potions of lignification {unknown}


   Skills:
 + Level 1.0 Fighting
 - Level 2.4 Dodging
 + Level 3.8 Stealth
 + Level 5.9 Spellcasting
 * Level 8.3 Conjurations
 - Level 3.4 Hexes
 - Level 2.8 Translocations
 - Level 1.2 Invocations


You had 8 spell levels left.
You knew the following spells:

 Your Spells              Type           Power      Damage    Failure   Level
a - Magic Dart            Conj           100%       1d8       1%          1
b - Searing Ray           Conj           100%       2d8       1%          2
c - Blink                 Tloc           48%        N/A       2%          2
d - Fulminant Prism       Conj/Hex       20%        3d12      5%          4

Your spell library contained the following spells:

 Spells                   Type           Power      Damage    Failure   Level
 Momentum Strike          Conj/Tloc      78%        3d10      1%          2
 Dazzling Flash           Conj/Hex       82%        N/A       1%          3
 Lesser Beckoning         Tloc           48%        N/A       2%          2
 Iskenderun's Mystic Bla  Conj/Tloc      39%        2d9       6%          4
 Sublimation of Blood     Necr           8%         N/A       10%         2
 Wereblood                Tmut           8%         N/A       10%         2
 Leda's Liquefaction      Hex/Erth       8%         N/A       30%         4
 Lee's Rapid Deconstruct  Erth           4%         3d5*      86%         5
 Statue Form              Tmut/Erth      5%         N/A       100%        6
 Malign Gateway           Summ/Tloc      8%         N/A       100%        7
 Summon Hydra             Summ           4%         N/A       100%        7
 Summon Horrible Things   Summ           4%         N/A       100%        8


Dungeon Overview and Level Annotations

Branches:
Dungeon (5/15)             Temple (1/1) D:5

Altars:
Ashenzari
Cheibriados
Dithmenos
Elyvilon
Gozag
Hepliaklqana
Kikubaaqudgha
Nemelex Xobeh
Qazlal
Sif Muna
Trog
Uskayaw
Wu Jian
Zin
The Shining One

Shops:
D:2 ([

Annotations:
D:5 Duvessa


Message History

The searing ray hits Duvessa.
Duvessa is moderately wounded.
Duvessa barely misses you. Duvessa hits you with a +0 short sword!
Unknown command.
The searing ray hits Duvessa.
Duvessa is heavily wounded.
You finish channelling your searing ray.
Duvessa hits you with a +0 short sword!
Casting: Searing Ray (safe; 1% risk of failure)
Confirm with . or Enter, or press ? or * to list all spells.
Aiming: Searing Ray (safe; 1% risk of failure)
Press: ? - help, Shift-Dir - straight line, f/p - Duvessa
Aim: Duvessa, wielding a +0 short sword, wearing a +2 scale mail of fire resistance and carrying a wand of polymorph (10) (heavily wounded, berserk, 87% to hit)
The searing ray hits Duvessa.
Duvessa is heavily wounded. (Press . to maintain the ray.) Duvessa hits you with a +0 short sword.
* * * LOW HITPOINT WARNING * * *
Duvessa barely misses you.
Unknown command.
The searing ray hits Duvessa.
Duvessa is heavily wounded.
Duvessa barely misses you.
Unknown command.
The searing ray hits Duvessa but does no damage.
Duvessa is heavily wounded.
Duvessa hits you with a +0 short sword.
* * * LOW HITPOINT WARNING * * *
Duvessa hits you with a +0 short sword.
* * * LOW HITPOINT WARNING * * *
Unknown command.
The searing ray hits Duvessa!
Duvessa is severely wounded.
You finish channelling your searing ray.
Duvessa barely misses you.
Unknown command.
Casting: Searing Ray (safe; 1% risk of failure)
Confirm with . or Enter, or press ? or * to list all spells.
You blink.
Duvessa hits you with a +0 short sword.
You die...

###.#................
##.................
##(...............
#................
#................
#####................
#..##................
###.................#
#.@..............##
#.e............####
#..............###
#ยง...........##..#
###........#####.#
#........# #.#
#####.##.# #.# #.##.#
#.# #.##.# #.#


You could see Duvessa (berserk).

Vanquished Creatures
  Sigmund (D:2)
  Menkaure (D:5)
  A phantom (D:5)
  A scorpion (D:4)
  A gnoll sergeant (D:4)
  Dowan (D:5)
  A jelly (D:5)
  2 hounds (D:4)
  An orc priest (D:3)
  2 orc wizards
  Robin (D:2)
  6 gnolls
  11 adders
  A worm (D:3)
  2 dart slugs
  13 orcs
  6 endoplasms
  2 giant cockroaches
  10 goblins
  13 hobgoblins
  4 jackals (D:3)
  2 quokkas
  5 ball pythons
  8 bats
  3 frilled lizards
  5 kobolds
  8 rats
112 creatures vanquished.

Vanquished Creatures (others)
  7 fulminant prisms
7 creatures vanquished.

Grand Total: 119 creatures vanquished

Notes
Turn   | Place    | Note
-------+----------+-------------------------------------------
     0 | D:1      | solopath the Deep Elf Conjurer began the quest for the Orb.
     0 | D:1      | Reached XP level 1. HP: 10/10 MP: 6/6
   249 | D:1      | Reached XP level 2. HP: 15/15 MP: 5/8
   290 | D:1      | Learned a level 2 spell: Searing Ray
   355 | D:1      | Reached skill level 5 in Conjurations
  1072 | D:2      | Reached XP level 3. HP: 19/19 MP: 2/9
  1139 | D:2      | Noticed Sigmund
  1145 | D:2      | Learned a level 2 spell: Blink
  1187 | D:2      | Noticed Robin
  1263 | D:2      | Killed Robin
  1535 | D:2      | Found Ereqisar's Weapon Emporium.
  1536 | D:2      | Found Uriob's Antique Armour Emporium.
  1557 | D:2      | Identified the +5 trident of Zoeb Sija {venom, rElec Int+3
                  | Dex-5 Stlth+}
  1567 | D:2      | Reached XP level 4. HP: 24/24 MP: 7/11
  1620 | D:2      | Reached skill level 6 in Conjurations
  1625 | D:2      | Learned a level 4 spell: Fulminant Prism
  1747 | D:2      | Killed Sigmund
  1748 | D:2      | Reached skill level 1 in Translocations
  1748 | D:2      | Reached XP level 5. HP: 28/28 MP: 4/13
  1907 | D:2      | Found an ancient bone altar of Kikubaaqudgha.
  2113 | D:3      | Found a glowing silver altar of Zin.
  2231 | D:3      | Reached XP level 6. HP: 32/32 MP: 8/14
  2552 | D:3      | You fall into a shaft and drop 2 floors!
  2552 | D:5      | Entered Level 5 of the Dungeon
  2607 | D:3      | Reached skill level 7 in Conjurations
  2773 | D:3      | Found a snail-covered altar of Cheibriados.
  3194 | D:5      | Found a staircase to the Ecumenical Temple.
  3200 | Temple   | Entered the Ecumenical Temple
  3237 | Temple   | Became a worshipper of Sif Muna the Loreminder
  3254 | D:5      | Reached skill level 5 in Spellcasting
  3428 | D:5      | Noticed Menkaure
  3712 | D:4      | Reached XP level 7. HP: 36/36 MP: 11/16
  3768 | D:4      | Found a broken altar of Ashenzari.
  4270 | D:4      | Reached skill level 1 in Invocations
  4604 | D:2      | Bought a pair of runed gloves for 165 gold pieces
  4728 | D:5      | Killed Menkaure
  4729 | D:5      | Reached skill level 8 in Conjurations
  4814 | D:5      | Noticed Dowan
  4818 | D:5      | Noticed Duvessa
  4823 | D:5      | Killed Dowan
  4824 | D:5      | Reached skill level 1 in Fighting
  5731 | D:5      | Slain by Duvessa

Illustrated notes

Levels and vault maps discovered:
D:1:      mainiacjoe_arrival_reflecting_pool, layout_basic
D:2:      layout_rooms, basic_altar, serial_shops, shop, shop, uniq_robin,
          uniq_sigmund
D:3:      layout_loops_cross, mainiacjoe_overflow_catwalk, lemuel_tele_altar
D:4:      layout_gridville, evilmike_ruin_ashenzari, st_stairs_11,
          corexii_item_surrounded_by_moat
D:5:      layout_layer_cave, temple_green, nicolae_elevator_lobby_asterisk,
          uniq_duvessa, uniq_menkaure
Temple:   minmay_freezing_vapour_temple

Skill      XL: |  1  2  3  4  5  6  7 |
---------------+----------------------+-----
Conjurations   | 5 6 7 8 |  8.3
Spellcasting   | 4 5 |  5.9
Hexes          | 2 3 |  3.4
Translocations | 1 2 |  2.8
Stealth        | 3 |  3.8
Invocations    | 1 |  1.2
Fighting       | 1 |  1.0
Dodging        | |  2.4

Action                     |  1- 3 |  4- 6 |  7- 9 || total
---------------------------+-------+-------+-------++-------
  Melee: Trident           |       |    31 |     2 ||    33
   Cast: Magic Dart        |    72 |    65 |    38 ||   175
         Searing Ray       |     2 |    10 |    10 ||    22
         Fulminant Prism   |       |     1 |     6 ||     7
         Blink             |       |       |     5 ||     5
    Use: Scroll            |       |       |     5 ||     5
         Potion            |       |       |     1 ||     1
   Stab: Sleeping          |       |     2 |       ||     2
 Armour: Robe              |     4 |       |       ||     4
         Animal skin       |       |    11 |     5 ||    16
  Dodge: Dodged            |    11 |    21 |    22 ||    54
